 Dungeon Crawl Stone Soup version 0.28-a0-429-g1448048969 (webtiles) character file.

Game seed: 10364380972398501303

4283 timneilson the Protected (level 10, -3/61 HPs)
             Began as a Gargoyle Fighter on Sept 12, 2021.
             Slain by an orc warrior (11 damage)
             ... on level 8 of the Dungeon.
             The game lasted 00:16:32 (9800 turns).

timneilson the Protected (Gargoyle Fighter)         Turns: 9800, Time: 00:16:32

Health: -3/61      AC: 25    Str: 23    XL:     10   Next: 32%
Magic:  10/10      EV:  8    Int:  9    God:
Gold:   398        SH:  6    Dex: 15    Spells: 9/9 levels left

rFire   . . .      SeeInvis +   E - +0 scimitar (elec)
rCold   . . .      Faith    .   c - +0 buckler
rNeg    + . .      Spirit   .   i - +0 chain mail
rPois   ∞          Reflect  .   k - +1 helmet
rElec   +          Harm     .   (no cloak)
rCorr   .          Rampage  .   e - +2 pair of gloves
Will    .....                   f - +0 pair of boots
Stlth   ..........              (no amulet)
HPRegen 0.20/turn               b - ring of see invisible
MPRegen 0.12/turn               j - +6 ring of dexterity

@: no status effects
A: sickness immunity, AC +7, negative energy resistance 1, electricity
resistance, torment resistance 1, petrification resistance
a: no special abilities


You were on level 8 of the Dungeon.
You visited 2 branches of the dungeon, and saw 9 of its levels.
You also visited: Sewer.

You collected 398 gold pieces.

Inventory:

Hand Weapons
 a - a +1 long sword
 E - a +0 scimitar of electrocution (weapon)
Armour
 c - a +0 buckler (worn)
 e - a +2 pair of gloves (worn)
 f - a +0 pair of boots (worn)
 i - a +0 chain mail (worn)
 k - a +1 helmet (worn)
Jewellery
 b - a ring of see invisible (left hand)
 j - a +6 ring of dexterity (right hand)
 D - a ring of flight
Wands
 w - a wand of acid (11)
 y - a wand of mindburst (12)
Scrolls
 m - 2 scrolls of amnesia
 s - 2 scrolls of magic mapping
 u - a scroll of enchant weapon
 v - 2 scrolls of teleportation
 A - 2 scrolls of silence
Potions
 d - a potion of flight {unknown}
 g - 2 potions of lignification
 h - 4 potions of cancellation
 l - a potion of brilliance {unknown}
 n - 4 potions of haste
 o - 2 potions of mutation
 p - 2 potions of invisibility
 q - a potion of might
 r - 2 potions of magic
 t - a potion of curing {unknown}
 x - a potion of attraction {unknown}
 z - a potion of resistance {unknown}
 B - a potion of ambrosia {unknown}


   Skills:
 + Level 6.7 Fighting
 * Level 7.3 Long Blades
 * Level 9.1 Armour
 * Level 9.1 Shields
 + Level 2.3 Evocations


You had 9 spell levels left.
You didn't know any spells.
Your spell library contained the following spells:

 Spells                   Type           Power      Damage    Failure   Level
 Animate Skeleton         Necr           0%         N/A       94%         1
 Apportation              Tloc           0%         N/A       94%         1
 Beastly Appendage        Tmut           0%         N/A       94%         1
 Freeze                   Ice            0%         1d3       94%         1
 Summon Small Mammal      Summ           0%         N/A       94%         1
 Static Discharge         Conj/Air       0%         N/A       98%         2
 Wereblood                Tmut           0%         N/A       98%         2
 Frozen Ramparts          Ice            0%         1d2       100%        3
 Spider Form              Tmut/Pois      0%         N/A       100%        3
 Hailstorm                Conj/Ice       0%         3d3       100%        4
 Petrify                  Tmut/Erth      0%         N/A       100%        4
 Irradiate                Conj/Tmut      0%         3d13      100%        5
 Lightning Bolt           Conj/Air       0%         1d11      100%        5
 Maxwell's Capacitive Co  Air            0%         ∞         100%        8
 Sublimation of Blood     Necr           Unusable   N/A       N/A         2

Dungeon Overview and Level Annotations

Branches:
Dungeon (8/15)             Temple (1/1) D:5            Lair (0/6) D:8
  Sewer (visited)

Altars:
Ashenzari
Cheibriados
Dithmenos
Elyvilon
Fedhas
Gozag
Hepliaklqana
Kikubaaqudgha
Makhleb
Qazlal
Ru
Sif Muna
Trog
Uskayaw
Vehumet
Wu Jian
Xom
Yredelemnul
Zin
The Shining One
Jiyva

Shops:
D:2 !   D:7 [


Innate Abilities, Weirdness & Mutations

You are immune to sickness and miasma.
Your stone body is resilient. (AC +7)
You are immune to poison.
You resist negative energy. (rN+)
You are resistant to electric shocks. (rElec)
You are resistant to unholy torment.
You are immune to petrification.


Message History

You hit Prince Ribbit.
Prince Ribbit is lightly wounded.
Prince Ribbit hits you but does no damage.
You slash Prince Ribbit!
Prince Ribbit is moderately wounded.
Prince Ribbit hits you but does no damage.
Prince Ribbit hits you.
* * * LOW HITPOINT WARNING * * *
You feel much better.
Prince Ribbit hits you but does no damage.
You miss Prince Ribbit.
Prince Ribbit is moderately wounded.
Prince Ribbit hits you but does no damage.
You hit Prince Ribbit.
Lightning courses through Prince Ribbit!!
Prince Ribbit is severely wounded.
Prince Ribbit mumbles some strange words.
Prince Ribbit looks slightly unstable.
Prince Ribbit hits you.
You slash Prince Ribbit!
Lightning courses through Prince Ribbit!
You kill Prince Ribbit!
Prince Ribbit returns to his original shape as he dies.
The orc priest miscasts a cantrip.
You hit the necrophage.
The necrophage is lightly damaged.
The necrophage hits you.
You slash the necrophage!
The necrophage is heavily damaged.
The orc warrior hits you from afar with a +0 trident!
You block the necrophage's attack.
You slash the necrophage!
You destroy the necrophage!
The orc priest calls down the wrath of Beogh upon you.
Beogh smites you!
* * * LOW HITPOINT WARNING * * *
The orc warrior hits you but does no damage.
The orc priest calls down the wrath of Beogh upon you.
You struggle to resist.
The orc warrior hits you with a +0 trident!
You die...

.......### ##..##...........##
.........#####.(####.........##
....#####...#..## ##......###
..### ###...## ####### .##
##..# ## ##.# # #)# #
#.########## ##..o@......###
###...o####.....###
#......##.........#
#......#...P.......
##..............P..
#...........>.....
#................. #
##....#..o....P... .
#....##.........#


You could see an orc warrior and an orc priest.

Vanquished Creatures
  Pikel (D:4)
  Prince Ribbit (D:8)
  A troll (D:8)
  Sigmund (D:2)
  A steam dragon (D:8)
  2 wargs (D:8)
  An ice beast (D:7)
  A sky beast (D:6)
  A black bear (D:7)
  A necrophage (D:8)
  3 ogres
  2 centaurs
  A kobold brigand (Sewer)
  2 bullfrogs
  2 scorpions
  6 killer bees (D:6)
  8 wights
  A bullfrog zombie (D:6)
  3 hounds
  3 iron imps (D:3)
  2 jellies
  6 orc priests
  A bullfrog skeleton (D:5)
  A gnoll shaman (D:5)
  Jessica (D:2)
  2 iguanas (D:5)
  5 orc wizards
  A killer bee zombie (D:7)
  A hound skeleton (D:4)
  2 howler monkey zombies (D:6)
  13 gnolls
  3 river rats (Sewer)
  16 adders
  A shadow imp (D:5)
  A white imp (D:7)
  An ufetubus (D:4)
  4 worms
  4 dart slugs
  25 orcs
  10 ball pythons
  6 bats
  14 endoplasms
  2 giant cockroaches
  7 goblins
  8 hobgoblins
  3 jackals (D:2)
  19 kobolds
  3 quokkas
  2 frilled lizards
  A quokka skeleton (D:4)
  25 rats
232 creatures vanquished.

Notes
Turn   | Place    | Note
-------+----------+-------------------------------------------
     0 | D:1      | timneilson the Gargoyle Fighter began the quest for the
                  | Orb.
     0 | D:1      | Reached XP level 1. HP: 14/14 MP: 1/1
   205 | D:1      | Reached XP level 2. HP: 12/19 MP: 2/2
   522 | D:1      | Reached XP level 3. HP: 22/23 MP: 3/3
   874 | D:1      | Found a faded altar of an unknown god.
  1305 | D:2      | Noticed Sigmund
  1312 | D:2      | Killed Sigmund
  1313 | D:2      | Reached XP level 4. HP: 25/29 MP: 4/4
  1313 | D:2      | Reached XP level 5. HP: 28/33 MP: 5/5
  1501 | D:2      | Noticed Jessica
  1512 | D:2      | Killed Jessica
  1550 | D:2      | Reached XP level 6. HP: 33/38 MP: 6/6
  1971 | D:2      | Found Hiyh's Distillery.
  2507 | D:2      | Reached skill level 5 in Armour
  2507 | D:2      | Reached skill level 5 in Shields
  2647 | D:3      | Found a burning altar of Makhleb.
  2681 | D:3      | Reached XP level 7. HP: 40/43 MP: 7/7
  2788 | D:3      | Found a glowing silver altar of Zin.
  2890 | D:3      | Found a glowing drain.
  2894 | Sewer    | Entered a sewer
  4293 | D:4      | Found an opulent altar of Gozag.
  4328 | D:4      | Identified the +0 leather armour of Satisfaction {Rampage
                  | rN+ Will+ Int+4}
  4573 | D:4      | Noticed Pikel
  4607 | D:4      | Killed Pikel
  4608 | D:4      | Reached skill level 5 in Fighting
  4608 | D:4      | Reached skill level 5 in Long Blades
  4608 | D:4      | Reached XP level 8. HP: 41/49 MP: 8/8
  5074 | D:5      | Entered Level 5 of the Dungeon
  5098 | D:5      | Found a snail-covered altar of Cheibriados.
  5150 | D:5      | Found a staircase to the Ecumenical Temple.
  5161 | Temple   | Entered the Ecumenical Temple
  5341 | D:5      | Found a shadowy altar of Dithmenos.
  5874 | D:5      | Reached XP level 9. HP: 22/55 MP: 9/9
  6306 | D:5      | Found a hide-covered altar of Uskayaw.
  6383 | D:5      | Found a shimmering altar of Xom.
  6975 | D:6      | Found a stormy altar of Qazlal.
  7253 | D:6      | Found a blossoming altar of Fedhas.
  7707 | D:7      | Reached skill level 1 in Evocations
  8493 | D:7      | Found Jess's Antique Armour Boutique.
  8721 | D:8      | Noticed Prince Ribbit
  9455 | D:7      | Reached XP level 10. HP: 59/61 MP: 10/10
  9754 | D:8      | Found a staircase to the Lair.
  9796 | D:8      | Killed Prince Ribbit
  9800 | D:8      | Slain by an orc warrior

Illustrated notes

Levels and vault maps discovered:
D:1:      dpeg_arrival_arbitrary_c, layout_basic,
          ebering_ecumenical_altar_abandoned
D:2:      layout_basic, serial_shops, nicolae_diamond_shop, uniq_sigmund,
          uniq_jessica
D:3:      layout_basic, demons_altar, mainiacjoe_overflow_tiny_flanked,
          gup_sewer_entry_bowl
D:4:      layout_rooms, nicolae_gozag_seed_capital, uniq_pikel
D:5:      layout_loops_ring, nicolae_overflow_crystal_walls,
          mainiacjoe_overflow_brackets, mainiacjoe_overflow_small_starburst,
          slow_altar_1, minmay_temple_entry_overgrown, grunt_ministairs_1,
          kennysheep_decorative_pillar
D:6:      layout_basic, mainiacjoe_overflow_surrounded_room,
          mainiacjoe_overflow_chevrons, minmay_misc_feat_iff
D:7:      layout_cave_pods, serial_shops, nicolae_inconvenience_store
D:8:      layout_cave_pods, erik_lair_orcish_takeover,
          minmay_misc_feat_diagonals, minmay_fractal_squares_5,
          uniq_prince_ribbit1
Temple:   pf_slimified_temple

Skill      XL: |  1  2  3  4  5  6  7  8  9 10 |
---------------+-------------------------------+-----
Long Blades    | 2 3 5 6 7 |  7.3
Armour         | 4 5 6 7 8 9 |  9.1
Shields        | 4 5 6 7 8 9 |  9.1
Fighting       | 4 5 6 |  6.7
Evocations     | 1 2 |  2.3

Action                   |  1- 3 |  4- 6 |  7- 9 | 10-12 || total
-------------------------+-------+-------+-------+-------++-------
Melee: Long sword        |    71 |   144 |   699 |       ||   914
       Scimitar          |       |       |       |    58 ||    58
  Use: Scroll            |     5 |       |    11 |       ||    16
       Potion            |     1 |       |     2 |     1 ||     4
Armor: Scale mail        |    26 |       |       |       ||    26
       Chain mail        |    14 |   107 |   622 |    49 ||   792
Dodge: Dodged            |    23 |    85 |   327 |    27 ||   462
Block: Buckler           |    15 |    34 |   234 |    20 ||   303

Table legend: (Time is in decaauts)
 A = Elapsed time spent in this place.
 B = Non-inter-level travel time spent in this place.
 C = Inter-level travel time spent in this place.
 D = Time resting spent in this place.
 E = Time spent auto-exploring this place.
 F = Levels seen in this place.
 G = Mean time per level.
                   A        B        C        D        E       F      G
               +--------+--------+--------+--------+--------+-----+--------+
         Total |   9962 |   9630 |    332 |    546 |   6679 |  10 |  996.2 |
       Dungeon |   9020 |   8688 |    332 |    546 |   6068 |   8 | 1127.5 |
        Temple |     59 |     59 |      0 |      0 |      4 |   1 |   59.0 |
         Sewer |    882 |    882 |      0 |      0 |    606 |   1 |  882.0 |
               +--------+--------+--------+--------+--------+-----+--------+

Top non-repeatable levels by time:
     D:2: 1347 daAuts
     D:1: 1314 daAuts
     D:7: 1279 daAuts
     D:4: 1278 daAuts
     D:5: 1159 daAuts
     D:6: 1016 daAuts
   Sewer: 882 daAuts
     D:8: 854 daAuts
     D:3: 770 daAuts
  Temple: 59 daAuts
